 Dungeon Crawl Stone Soup version 0.21.1-1-g345015f (webtiles) character file.

185 letownia2 the Chiller (level 5, -1/37 HPs)
             Began as a Merfolk Ice Elementalist on Feb 13, 2018.
             Slain by a sky beast (3 damage)
             ... on level 5 of the Dungeon.
             The game lasted 00:06:49 (1238 turns).

letownia2 the Chiller (Merfolk Ice Elementalist)    Turns: 1238, Time: 00:06:49

Health: -1/37      AC:  3    Str:  8    XL:     5   Next: 64%
Magic:  0/8        EV: 12    Int: 16    God:
Gold:   131        SH:  0    Dex: 14    Spells: 3/9 levels left

rFire    + . .     SeeInvis .   a - +0 falchion
rCold    + + .     Gourm    .   (no shield)
rNeg     . . .     Faith    .   p - +0 leather armour
rPois    .         Spirit   .   (no helmet)
rElec    .         Reflect  .   w - scarf {rC+ rF+}
rCorr    .         Harm     .   (no gloves)
MR       .....                  (no boots)
Stlth    ++........             (no amulet)
HPRegen  0.12/turn              i - ring of protection from cold
MPRegen  0.11/turn              (no ring)

@: very slightly contaminated, drained
A: change form in water, swift swim, stealthy swim
a: no special abilities


You were on level 5 of the Dungeon.
You were not hungry.

You visited 1 branch of the dungeon, and saw 5 of its levels.

You collected 131 gold pieces.

Inventory:

Hand Weapons
 a - a +0 falchion (weapon)
 f - a +0 mace
 o - a +0 dagger
Armour
 n - a +0 ring mail
 p - a +0 leather armour (worn)
 v - a +0 cloak
 w - a scarf of resistance (worn)
Jewellery
 i - a ring of protection from cold (left hand)
 r - an uncursed amulet of harm
Wands
 s - a wand of acid (6)
Scrolls
 g - 4 scrolls of identify {unknown}
 h - a scroll of teleportation {unknown}
 j - 2 scrolls of amnesia {unknown}
 l - a scroll of random uselessness {unknown}
 t - a scroll of magic mapping {unknown}
 u - a scroll of enchant weapon {unknown}
Potions
 d - 2 potions of haste {unknown}
 e - a potion of cancellation {unknown}
 k - 3 potions of might {unknown}
 q - a potion of lignification {unknown}
Books
 b - a book of Frost

   Spells                             Type                      Level
   a - Freeze                         Ice                          1
   b - Throw Frost                    Conjuration/Ice              2
   c - Ozocubu's Armour               Charms/Ice                   3
   d - Throw Icicle                   Conjuration/Ice              4
   e - Summon Ice Beast               Ice/Summoning                4
Comestibles
 c - 4 rations


   Skills:
 + Level 1.6(0.8) Fighting
 - Level 4.0(3.1) Dodging
 - Level 2.1(1.4) Stealth
 + Level 2.5(1.7) Spellcasting
 - Level 1.3(0.6) Conjurations
 - Level 1.3(0.6) Charms
 + Level 4.9(4.1) Ice Magic


You had 3 spell levels left.
You knew the following spells:

 Your Spells              Type           Power        Failure   Level  Hunger
a - Freeze                Ice            ##..         6%          1    ##.....
f - Throw Frost           Conj/Ice       #.....       19%         2    ###....
o - Ozocubu's Armour      Chrm/Ice       #.......     34%         3    ####...


Dungeon Overview and Level Annotations

Branches:
Dungeon (5/15)
 Temple: D:4-7

Altars:
Ashenzari
Dithmenos


Message History

Confirm with . or Enter, or press ? or * to list all spells.
You miscast Ozocubu's Armour.
You feel a strange surge of energy!
The sky beast flickers out of sight!
Deactivating autopickup; reactivate with Ctrl-A.
Something hits you.
* * * LOW HITPOINT WARNING * * *
Something shocks you.
* * * LOW HITPOINT WARNING * * *
Unknown command.
Evoke which item? (* to show all) (? for menu, Esc to quit)
Aiming: Corrosive Bolt
Press: ? - help, Shift-Dir - straight line, f/p - ogre
Aim: an ogre, wielding a giant club (severely wounded, covered in acid)
The bolt of acid hits something.
The bolt of acid hits the ogre.
The ogre is splashed with acid.
You kill the ogre!
Your base Fighting skill increases to level 1!
You have reached level 5!
You feel clever. Something hits you.
You die...

### ..### ####
....#
#<.##...#
#.@.#...#
##.{#...#..#
###)....#
#............
#......⌠.....
.
#............
..####.....###
## +#.$.#..
...#...


There were no monsters in sight!

Vanquished Creatures
  An ogre (D:5)
  An orc wizard (D:4)
  2 adders (D:2)
  2 oozes
  An adder skeleton (D:4)
  A worm (D:4)
  2 leopard geckos (D:4)
  8 orcs
  A ball python (D:4)
  3 bats
  2 giant cockroaches (D:4)
  4 goblins
  3 hobgoblins
  2 quokkas
  A kobold (D:1)
  A rat (D:3)
35 creatures vanquished.

Notes
Turn   | Place    | Note
-------+----------+-------------------------------------------
     0 | D:1      | letownia2 the Merfolk Ice Elementalist began the quest for the Orb.
     0 | D:1      | Reached XP level 1. HP: 13/13 MP: 3/3
   135 | D:2      | Reached XP level 2. HP: 18/19 MP: 0/5
   321 | D:2      | Reached XP level 3. HP: 20/24 MP: 4/6
   325 | D:2      | Learned a level 2 spell: Throw Frost
   329 | D:2      | Learned a level 3 spell: Ozocubu's Armour
   515 | D:3      | HP: 1/24 [orc/falchion (6)]
   610 | D:3      | Reached skill level 1 in Conjurations
   768 | D:4      | Reached XP level 4. HP: 18/30 MP: 1/7
   839 | D:4      | Reached skill level 1 in Charms
   891 | D:4      | Found a shadowy altar of Dithmenos.
   922 | D:3      | Found a shattered altar of Ashenzari.
  1013 | D:5      | Entered Level 5 of the Dungeon
  1229 | D:5      | Noticed a sky beast
  1231 | D:5      | Noticed an ogre
  1236 | D:5      | HP: 1/30 [something (6)]
  1238 | D:5      | Killed an ogre
  1238 | D:5      | Reached skill level 1 in Fighting
  1238 | D:5      | Reached XP level 5. HP: 2/37 MP: 0/8
  1238 | D:5      | Slain by a sky beast

Skill      XL: |  1  2  3  4 |
---------------+-------------+-----
Dodging        | 3 4 |  4.0
Ice Magic      | 4 |  4.9
Conjurations   | 1 |  1.3
Charms         | 1 |  1.3
Fighting       | 1 |  1.6
Stealth        | |  2.1
Spellcasting   | |  2.5

Action                   |  1- 3 |  4- 6 || total
-------------------------+-------+-------++-------
Melee: Dagger            |    14 |       ||    14
       Falchion          |     1 |    22 ||    23
 Cast: Freeze            |    45 |    17 ||    62
       Throw Frost       |     2 |     1 ||     3
Evoke: Wand              |       |     3 ||     3
 Stab: Sleeping          |     3 |       ||     3
  Eat: Chunk             |       |     3 ||     3
Armor: Robe              |     8 |       ||     8
       Leather armour    |       |    11 ||    11
Dodge: Dodged            |    33 |    25 ||    58
       Rpst.: Falchion   |       |     8 ||     8
